AoeStats
← Remixi

Black Forest

509527571Analyzed
4v4 RM · 3d ago on Sep 27, 2026· 70m 42s· 8 players
Game mode
Random Map
Map size
Large (8 player)
Population
200
Speed
Normal
Resources
Standard
Victory
Conquest
Starting age
Dark Age
Ending age
Imperial Age
RankedLock teamsTeams togetherTeam positionsShared explorationLock speedFull tech treeHidden civsTurbo modeCheats
Victory
Defeat
🇨🇱 Sicilians · Chile
1028
+12
🇨🇱 Teutons · Chile
1025
+12
🇨🇱 Cumans · Chile
1012
+13
🇨🇱 Turks · Chile
1000
+13
🇨🇴 Portuguese · Colombia
969
-13
🇵🇬 Cumans · Papua New Guinea
952
-13
🇺🇸 Saracens · United States
932
-12
🇪🇸 Turks · Spain
914
-12
DOLAR2305
0:39 Loom
20:14 Feudal Age
21:36 Wheelbarrow
20:58 Double-Bit Axe
22:03 Man-at-Arms
22:29 Arson
24:49 Forging
26:01 Scale Mail Armor
30:51 Horse Collar
Tutmosis
1:24 Loom
11:49 Feudal Age
16:25 Castle Age
15:19 Double-Bit Axe
15:17 Horse Collar
15:35 Gold Mining
16:34 Wheelbarrow
18:56 Bow Saw
19:59 Heavy Plow
20:30 Hand Cart
23:20 Stone Mining
26:33 Stone Shaft Mining
33:33 Imperial Age
33:07 Town Watch
34:42 Conscription
37:35 Chemistry
36:56 Ballistics
37:07 Town Patrol
38:49 Arquebus
41:56 Elite Organ Gun
53:57 Pikeman
54:44 Scale Mail Armor
54:54 Forging
54:38 Fletching
54:22 Halberdier
59:13 Iron Casting
58:54 Chain Mail Armor
61:06 Blast Furnace
king
7:14 Loom
9:40 Feudal Age
10:06 Double-Bit Axe
10:08 Horse Collar
13:46 Gold Mining
14:40 Wheelbarrow
16:57 Stone Mining
19:34 Castle Age
19:33 Forging
19:38 Scale Barding Armor
19:53 Bloodlines
20:31 Husbandry
21:46 Bow Saw
24:31 Iron Casting
24:14 Hand Cart
25:59 Heavy Plow
33:46 Imperial Age
35:38 Chemistry
34:00 Elite Mameluke
36:04 Two-Man Saw
35:43 Gold Shaft Mining
36:39 Blast Furnace
35:59 Chain Barding Armor
39:05 Plate Barding Armor
43:53 Ballistics
Tedex
0:30 Loom
14:05 Feudal Age
14:21 Man-at-Arms
16:00 Forging
16:44 Scale Mail Armor
25:06 Castle Age
25:19 Capped Ram
31:16 Wheelbarrow
32:20 Bloodlines
Remixi
0:26 Loom
12:12 Feudal Age
17:11 Castle Age
15:26 Double-Bit Axe
21:51 Gold Mining
22:00 Horse Collar
28:36 Imperial Age
28:22 Bow Saw
30:19 Wheelbarrow
30:24 Fervor
32:51 Hand Cart
34:51 Town Watch
38:30 Town Patrol
41:52 Artillery
43:37 Treadmill Crane
44:02 Heavy Plow
45:05 Two-Man Saw
46:14 Conscription
46:39 Gold Shaft Mining
54:30 Ballistics
54:39 Caravan
59:58 Bloodlines
59:48 Husbandry
60:11 Fortified Wall
62:04 Hoardings
61:36 Heavy Camel Rider
67:38 Forging
67:33 Scale Barding Armor
69:19 Iron Casting
70:05 Chain Barding Armor
pipe
4:58 Loom
13:30 Feudal Age
15:02 Horse Collar
15:08 Double-Bit Axe
15:16 Stone Mining
16:07 Wheelbarrow
20:50 Castle Age
22:28 Bow Saw
24:21 Heavy Plow
26:37 Hand Cart
30:44 Gold Mining
35:27 Hand Cart
36:53 Fervor
40:06 Imperial Age
40:52 Stone Shaft Mining
40:42 Cavalier
41:33 Bloodlines
42:03 Crop Rotation
42:35 Two-Man Saw
41:46 Forging
43:37 Paladin
44:54 Iron Casting
44:26 Scale Barding Armor
45:20 Fortified Wall
47:20 Blast Furnace
46:50 Chain Barding Armor
47:30 Conscription
49:10 Plate Barding Armor
54:45 Onager
65:39 Scale Mail Armor
66:15 Gambesons
66:32 Squires
66:17 Arson
66:47 Chain Mail Armor
66:03 Elite Teutonic Knight
68:15 Plate Mail Armor
Gekyume
0:31 Loom
11:36 Feudal Age
19:23 Castle Age
19:52 Capped Ram
42:00 Scale Barding Armor
43:02 Chain Barding Armor
50:44 Steppe Husbandry
56:38 Bloodlines
Lerny
10:39 Feudal Age
11:51 Loom
19:46 Castle Age
18:33 Double-Bit Axe
18:30 Horse Collar
22:57 Squires
27:33 Wheelbarrow
30:39 Scale Mail Armor
30:43 Gambesons
33:25 Forging
34:29 Heavy Plow
35:52 Gold Mining
35:56 Stone Mining
36:28 Bow Saw
36:17 Pikeman
39:18 Hand Cart
41:06 Fletching
41:17 Padded Archer Armor
42:08 Crossbowman
45:25 Imperial Age
43:25 Bodkin Arrow
43:46 Leather Archer Armor
44:31 Husbandry
44:44 Bloodlines
46:07 Iron Casting
45:47 Chain Mail Armor
45:40 Scale Barding Armor
46:00 Cavalier
48:16 Gold Shaft Mining
52:16 Chemistry
51:39 Ballistics
52:33 Caravan
52:38 Arbalester
53:11 Onager
55:36 Town Watch
57:30 Bracer
58:53 Siege Onager
59:59 Light Cavalry
61:44 Chain Barding Armor
71:05 Chemistry
Connection lost

Rejoining the realm…

Still unreachable

The connection could not be restored.

Session expired

The server has moved on; the page needs a fresh start.